 Dungeon Crawl Stone Soup version 0.20.1-1-g8b1a95d (webtiles) character file.

8772 Megalobster the Cleaver (level 11, 0/100 HPs)
             Began as a Deep Dwarf Fighter on Aug 1, 2017.
             Was a Believer of Makhleb.
             Slain by a five-headed hydra (10 damage)
             ... on level 1 of the Lair of Beasts on Aug 2, 2017.
             The game lasted 00:50:37 (9218 turns).

Megalobster the Cleaver (Deep Dwarf Fighter)        Turns: 9218, Time: 00:50:40

Health: 0/100      AC: 16    Str: 29    XL:     11   Next: 14%
Magic:  6/6        EV:  9    Int:  8    God:    Makhleb [**....]
Gold:   539        SH: 12    Dex: 12    Spells: 10/10 levels left

rFire    . . .     SeeInvis .   a - +3 hand axe (freeze)
rCold    . . .     Gourm    .   c - +0 shield
rNeg     . . .     Faith    .   d - +0 scale mail {rPois}
rPois    +         Spirit   .   m - +0 helmet
rElec    .         Reflect  .   y - +0 cloak
rCorr    .         Harm     .   V - +2 pair of gloves
MR       +....                  B - +0 pair of boots
Stlth    ..........             (no amulet)
Regen    0.0/turn               w - +5 ring of strength
MPRegen  0.1/turn               p - ring of poison resistance

@: about to teleport, non-regenerating
A: damage resistance, heal wounds, sense surroundings 2, no regeneration
a: Heal Wounds, Minor Destruction, Renounce Religion


You were on level 1 of the Lair of Beasts.
You worshipped Makhleb.
Makhleb was pleased with you.
You were not hungry.

You visited 3 branches of the dungeon, and saw 11 of its levels.

You collected 539 gold pieces.

Inventory:

Hand Weapons
 a - a +3 hand axe of freezing (weapon)
 b - a +0 hunting sling
Missiles
 r - 3 steel tomahawks
 C - 21 tomahawks (quivered)
 H - 106 sling bullets
 X - 2 javelins
Armour
 c - a +0 shield (worn)
 d - a +0 scale mail of poison resistance (worn)
 m - a +0 helmet (worn)
 t - a +0 chain mail
 y - a +0 cloak (worn)
 B - a +0 pair of boots (worn)
 V - a +2 pair of gloves (worn)
Jewellery
 n - an uncursed ring of protection from cold
 p - a ring of poison resistance (right hand)
 w - a +5 ring of strength (left hand)
Wands
 j - a wand of random effects (25/48)
 D - a wand of confusion (15/48)
 I - a wand of lightning (5/15)
 P - a wand of acid (4/15)
 T - a wand of iceblast (4/15)
Scrolls
 e - 2 scrolls of summoning {unknown}
 f - a scroll of fear
 g - 4 scrolls of teleportation
 h - 2 scrolls of recharging
 l - a scroll of acquirement {unknown}
 s - 2 scrolls of magic mapping
 L - 7 scrolls of remove curse
Potions
 q - a potion of magic {unknown}
 v - 5 potions of lignification
 x - 3 potions of haste
 z - 4 potions of heal wounds
 A - a potion of invisibility {unknown}
 J - 2 potions of berserk rage {unknown}
 Q - 2 potions of resistance {unknown}
 R - 2 potions of ambrosia
 S - a potion of curing {unknown}
Comestibles
 i - 3 royal jellies
 k - 5 bread rations
 u - 10 chunks of flesh
 M - 8 fruits
 O - 5 meat rations


   Skills:
 + Level 7.1 Fighting
 * Level 11.6 Axes
 + Level 9.2 Armour
 + Level 8.7 Shields
 + Level 6.2 Invocations


You had 10 spell levels left.
You didn't know any spells.

Dungeon Overview and Level Annotations

Branches:
Dungeon (9/15)             Temple (1/1) D:7            Lair (1/6) D:8
    Orc (0/2) D:9

Altars:
Ashenzari
Cheibriados
Dithmenos
Elyvilon
Fedhas
Gozag
Hepliaklqana
Kikubaaqudgha
Makhleb
Nemelex Xobeh
Okawaru
Qazlal
Ru
Sif Muna
Trog
Uskayaw
Vehumet
Yredelemnul
Zin
The Shining One

Shops:
D:4 (


Innate Abilities, Weirdness & Mutations

You are resistant to damage.
You can heal yourself by infusing magical energy.
You passively map the area around you.
You do not regenerate.


Message History

The acid corrodes the five-headed hydra!
The five-headed hydra is severely wounded.
The five-headed hydra is splashed with acid.
The acid corrodes the five-headed hydra!
The acid splashes onto the yak!
The yak is splashed with acid.
The yak gores you!
* * * LOW HITPOINT WARNING * * *
The five-headed hydra misses you. The five-headed hydra bites you!
* * * LOW HITPOINT WARNING * * *
The five-headed hydra completely misses you.
You block the five-headed hydra's attack.
The five-headed hydra closely misses you.
As you read the scroll of teleportation, it crumbles to dust.
You feel strangely unstable. The yak gores you.
* * * LOW HITPOINT WARNING * * *
You block the five-headed hydra's attack.
The five-headed hydra bites you!
* * * LOW HITPOINT WARNING * * *
The five-headed hydra bites you!
You die...

## ##### ### ##
.##########P..#########.######.##
.................D.............P#
................@Y..............#
.................Y.............##
......######....^.........##.#..#
......# #..............####.##
.....## ##..............# * ..
.....######......##.#P###.#* .##
................[###### #.P# *Y#
#######.####......# #.## Y# # ,,
.>..........## ..# Y#


You could see a five-headed hydra and 2 yaks.

Vanquished Creatures
  The ghost of torrenera the Arsonist, a journeyman DgFE (Lair:1)
  A two-headed ogre (D:9)
  A spiny frog (Lair:1)
  2 trolls (D:9)
  Grinder (D:4)
  A hippogriff (Lair:1)
  Eustachio (D:4)
  10 yaks
  Menkaure (D:4)
  3 water moccasins
  3 porcupines (Lair:1)
  5 orc warriors
  A hornet zombie (D:8)
  An ice beast (D:7)
  2 phantoms (D:4)
  2 sky beasts
  2 centaurs (D:6)
  3 ogres
  A crocodile (Lair:1)
  Blork the orc (D:5)
  A gnoll sergeant (D:9)
  A big kobold (D:3)
  A wyvern zombie (D:9)
  7 bullfrogs
  The ghost of Megalobster the Covered, a weakling DDFi (D:3)
  3 scorpions
  6 killer bees (D:8)
  2 howler monkeys (D:7)
  A crimson imp (D:9)
  4 bullfrog zombies
  6 hounds
  Crazy Yiuf (D:2)
  2 jellies (D:6)
  6 orc wizards
  4 orc priests
  A bullfrog skeleton (D:8)
  A centaur skeleton (D:5)
  4 iguanas
  Ijyb (D:4)
  Natasha (thrice) (D:2)
  2 worker ants
  A hound skeleton (D:6)
  A howler monkey zombie (D:7)
  A worker ant zombie (D:6)
  4 gnolls (D:9)
  4 adders
  3 shadow imps
  An adder skeleton (D:7)
  A dart slug (D:4)
  A worm (D:2)
  4 leopard geckos
  38 orcs
  4 giant cockroaches
  3 hobgoblins
  7 jackals
  12 kobolds
  6 quokkas
  A ball python (D:3)
  4 bats
  8 frilled lizards
  11 goblins
  8 rats
224 creatures vanquished.

Vanquished Creatures (others)
  A fungus (Lair:1)
1 creature vanquished.

Grand Total: 225 creatures vanquished

Notes
Turn   | Place    | Note
-------+----------+-------------------------------------------
     0 | D:1      | Megalobster the Deep Dwarf Fighter began the quest for the Orb.
     0 | D:1      | Reached XP level 1. HP: 20/20 MP: 1/1
   374 | D:1      | Reached XP level 2. HP: 27/27 MP: 2/2
  1101 | D:2      | Noticed Natasha
  1107 | D:2      | Noticed a crimson imp
  1109 | D:2      | Killed Natasha
  1109 | D:2      | Reached skill level 3 in Axes
  1109 | D:2      | Reached XP level 3. HP: 31/34 MP: 3/3
  1184 | D:2      | Noticed Natasha
  1190 | D:2      | Killed Natasha
  1190 | D:2      | Reached XP level 4. HP: 38/42 MP: 4/4
  1229 | D:2      | Noticed Natasha
  1239 | D:2      | Killed Natasha
  1288 | D:2      | Found a runed door.
  1327 | D:2      | Found a faded altar of an unknown god.
  1388 | D:2      | Reached skill level 4 in Axes
  1656 | D:2      | Noticed Crazy Yiuf
  1667 | D:2      | Killed Crazy Yiuf
  1667 | D:2      | Reached XP level 5. HP: 38/49 MP: 5/5
  2087 | D:3      | Noticed Megalobster's ghost (weakling DDFi)
  2103 | D:3      | Killed Megalobster's ghost
  2348 | D:3      | Reached skill level 5 in Axes
  2348 | D:3      | Reached XP level 6. HP: 56/57 MP: 6/6
  2675 | D:4      | Noticed Eustachio
  2697 | D:4      | Killed Eustachio
  2697 | D:4      | Reached skill level 5 in Armour
  2697 | D:4      | Reached XP level 7. HP: 55/64 MP: 7/7
  2846 | D:4      | Found Zaseum's Weapon Emporium.
  2993 | D:4      | Noticed Menkaure
  2996 | D:4      | Reached skill level 5 in Shields
  3006 | D:4      | Reached skill level 6 in Axes
  3011 | D:4      | Killed Menkaure
  3308 | D:4      | Noticed Grinder
  3322 | D:4      | Paralysed by Grinder for 7 turns
  3331 | D:4      | Reached XP level 8. HP: 47/73 MP: 6/6
  3349 | D:4      | Killed Grinder
  3349 | D:4      | Reached skill level 7 in Axes
  3609 | D:4      | Noticed Ijyb
  3615 | D:4      | Killed Ijyb
  3657 | D:4      | HP: 2/73 [ogre/giant club (7)]
  3658 | D:4      | Reached skill level 5 in Fighting
  3720 | D:5      | Entered Level 5 of the Dungeon
  4478 | D:5      | Noticed Blork the orc
  4486 | D:5      | Killed Blork the orc
  4486 | D:5      | Reached skill level 8 in Axes
  5121 | D:6      | Gained mutation: You passively map the area around you. [Deep Dwarf growth]
  5121 | D:6      | Reached XP level 9. HP: 22/81 MP: 5/5
  5666 | D:7      | Found a staircase to the Ecumenical Temple.
  5691 | Temple   | Entered the Ecumenical Temple
  5764 | Temple   | Became a worshipper of Makhleb the Destroyer
  5833 | D:7      | Reached skill level 9 in Axes
  5833 | D:7      | Reached skill level 1 in Invocations
  6943 | D:8      | Found a staircase to the Lair.
  7099 | D:8      | Reached * piety under Makhleb
  7805 | D:9      | Noticed a two-headed ogre
  7815 | D:9      | Killed a two-headed ogre
  7815 | D:9      | Reached skill level 10 in Axes
  7815 | D:9      | Reached XP level 10. HP: 36/91 MP: 6/6
  8342 | D:9      | Reached ** piety under Makhleb
  8342 | D:9      | Reached skill level 11 in Axes
  8410 | D:9      | Found a staircase to the Orcish Mines.
  8529 | D:9      | Reached skill level 5 in Invocations
  8736 | Lair:1   | Entered Level 1 of the Lair of Beasts
  8755 | Lair:1   | Noticed torrenera's ghost (journeyman DgFE)
  8811 | Lair:1   | Killed torrenera's ghost
  8953 | Lair:1   | Reached XP level 11. HP: 15/100 MP: 7/7
  9194 | Lair:1   | Noticed a five-headed hydra
  9218 | Lair:1   | Slain by a five-headed hydra

Skill      XL: |  1  2  3  4  5  6  7  8  9 10 |
---------------+-------------------------------+-----
Fighting       | 3 4 5 6 7 |  7.1
Axes           | 3 4 5 6 8 10 11 | 11.6
Armour         | 4 5 6 7 9 |  9.2
Shields        | 4 5 6 7 8 |  8.7
Invocations    | 3 6 |  6.2

Action                   |  1- 3 |  4- 6 |  7- 9 | 10-12 || total
-------------------------+-------+-------+-------+-------++-------
Melee: War axe           |    55 |   112 |       |       ||   167
       Hand axe          |       |    40 |   445 |   270 ||   755
Throw: Stone             |       |       |    11 |       ||    11
       Tomahawk          |       |       |    10 |     6 ||    16
Invok: Minor Destruction |       |       |       |    15 ||    15
 Abil: Heal Wounds       |       |     1 |    11 |    13 ||    25
  Use: Potion            |       |     1 |     1 |     1 ||     3
       Scroll            |       |       |     9 |    11 ||    20
  Eat: Chunk             |     1 |     4 |     7 |     3 ||    15
       Royal jelly       |       |     1 |     2 |     1 ||     4
       Bread ration      |       |       |     1 |       ||     1
Armor: Scale mail        |    20 |    59 |    27 |    15 ||   121
       Chain mail        |       |       |   137 |    78 ||   215
Dodge: Dodged            |    12 |    36 |    83 |    60 ||   191
Block: Shield            |    33 |    80 |   197 |   160 ||   470
